 Dungeon Crawl Stone Soup version 0.23-a0-558-g30802b1 (webtiles) character file.

18 zishaf the Insei (level 2, -6/21 HPs)
             Began as a Vampire Transmuter on Dec 12, 2018.
             Killed from afar by Sigmund (11 damage)
             ... with a magic dart
             ... on level 2 of the Dungeon.
             The game lasted 00:01:32 (890 turns).

zishaf the Insei (Vampire Transmuter)                Turns: 890, Time: 00:01:33

Health: -6/21      AC:  2    Str: 14    XL:     2   Next: 48%
Magic:  5/5        EV: 13    Int: 15    God:
Gold:   31         SH:  0    Dex: 14    Spells: 2/5 levels left

rFire    . . .     SeeInvis +     - Unarmed
rCold    . . .     Gourm    .   (no shield)
rNeg     + . .     Faith    .   b - +0 robe
rPois    .         Spirit   .   (no helmet)
rElec    .         Reflect  .   (no cloak)
rCorr    .         Harm     .   (no gloves)
MR       .....                  (no boots)
Stlth    ++........             (no amulet)
HPRegen  0.07/turn              (no ring)
MPRegen  0.09/turn              (no ring)

@: mighty, flying
A: fangs 3, see invisible, unbreathing
a: no special abilities


You were on level 2 of the Dungeon.
You were not thirsty.

You visited 1 branch of the dungeon, and saw 2 of its levels.

You collected 31 gold pieces.

Inventory:

Missiles
 a - 26 arrows
Armour
 b - a +0 robe (worn)
Scrolls
 c - 2 scrolls of random uselessness {unknown}
 f - a scroll of remove curse {unknown}
 g - a scroll of identify {unknown}
 i - 2 scrolls of enchant armour {unknown}
 j - a scroll of fog {unknown}
Potions
 d - 7 potions of blood
 k - a potion of curing {unknown}
 l - a potion of brilliance {unknown}


   Skills:
 - Level 1.0 Fighting
 + Level 2.5 Dodging
 + Level 1.5 Stealth
 + Level 3.5 Unarmed Combat
 - Level 2.0 Spellcasting
 + Level 2.5 Transmutations


You had 2 spell levels left.
You knew the following spells:

 Your Spells              Type           Power        Failure   Level  Hunger
a - Beastly Appendage     Tmut           #.....       8%          1    #......
b - Sticks to Snakes      Tmut           #.......     12%         2    ###....

Your spell library contained the following spells:

 Spells                   Type           Power        Failure   Level  Hunger
 Spider Form              Tmut/Pois      #.........   36%         3    ###....
 Ice Form                 Ice/Tmut       #.......     78%         4    #####..
 Blade Hands              Tmut           #.........   91%         5    ######.


Dungeon Overview and Level Annotations

Branches:
Dungeon (2/15)

Altars:

Annotations:
D:2 Sigmund


Innate Abilities, Weirdness & Mutations

You have razor-sharp teeth.
You have supernaturally acute eyesight. (SInv)
You can survive without breathing.


Message History

Sigmund gestures at you while chanting. You resist with significant effort.
You hit Sigmund.
Sigmund is moderately wounded.
Sigmund hits you with a +0 scythe!
Ouch! That really hurt!
* * * LOW HITPOINT WARNING * * *
You closely miss Sigmund.
Sigmund is moderately wounded.
You closely miss Sigmund.
Sigmund is moderately wounded.
Sigmund barely misses you.
You punch Sigmund!
Sigmund is severely wounded.
You hit Sigmund.
Sigmund is almost dead.
Sigmund casts a spell at you. The magic dart hits you!
Ouch! That really hurt!
You die...

#......# #### #......##
#... #....... #.##
#......# #.# #. #......#
#.# #..#......# #.#
#.........# #.#
#......@..############.#
#......(@..............#
#....###################
#... #.. .. #


You could see Sigmund (invisible).

Vanquished Creatures
  4 bats (D:1)
  2 goblins (D:1)
  A hobgoblin (D:1)
  4 jackals (D:1)
  4 rats (D:1)
15 creatures vanquished.

Notes
Turn   | Place    | Note
-------+----------+-------------------------------------------
     0 | D:1      | zishaf the Vampire Transmuter began the quest for the Orb.
     0 | D:1      | Reached XP level 1. HP: 14/14 MP: 3/3
    28 | D:1      | Reached skill level 1 in Fighting
    38 | D:1      | Reached skill level 1 in Stealth
   273 | D:1      | Reached XP level 2. HP: 21/21 MP: 5/5
   384 | D:1      | Learned a level 2 spell: Sticks to Snakes
   871 | D:2      | Noticed Sigmund
   890 | D:2      | Killed from afar by Sigmund

Vault maps used:
D:1:      onia_arrival_pyramid
D:2:      lemuel_coloured_pillars_altar, overflow_temple_1_default,
          evilmike_ruin_ashenzari, overflow_temple_1_default, uniq_robin,
          uniq_sigmund

Skill      XL: |  1 |
---------------+----+-----
Fighting       | 1 |  1.0
Stealth        | 1 |  1.5
Dodging        | |  2.5
Unarmed Combat | |  3.5
Spellcasting   | |  2.0
Transmutations | |  2.5

Action                   || total
-------------------------++-------
Melee: Unarmed           ||    63
       Bite              ||     6
       Headbutt          ||     1
       Punch             ||     1
 Cast: Beastly Appendage ||     1
  Use: Potion            ||     2
 Stab: Sleeping          ||     1
Armor: Robe              ||    19
Dodge: Dodged            ||    59

Table legend:
 A = Non-vault XP
 B = Vault XP
 C = Vault XP percentage of total XP
 D = Non-vault monster count
 E = Vault monster count
 F = Vault count percentage of total count
                 A         B        C        D         E       F
            +---------+---------+-------+---------+---------+-------
      Total |      26 |       0 |   0.0 |      15 |       0 |   0.0
            +---------+---------+-------+---------+---------+-------
        D:1 |      26 |       0 |   0.0 |      15 |       0 |   0.0
            +---------+---------+-------+---------+---------+-------
